Map: Línea Aguablanca EE

Players

CykoKiller

  • Race: Protoss Protoss
  • League: Silver
  • Spawn Location: 6:00

GudStuff

  • Race: Protoss Protoss
  • League: Gold
  • Spawn Location: 7:00

PICKETS

  • Race: Terran Terran
  • Spawn Location: 7:00

TATORREA - Winner!

  • Race: Protoss Protoss
  • League: Gold
  • Spawn Location: 12:00

MrFercho - Winner!

  • Race: Zerg Zerg
  • League: Gold
  • Spawn Location: 1:00

tigro - Winner!

  • Race: Terran Terran
  • League: Bronze
  • Spawn Location: 1:00

VOD

Have the link to the VOD?

Description

Time

  • Played on: Aug. 16, 2020, 9:30 p.m.
  • Length: 12:08
Show
View Real Time Build Order
Export as new Build Order

CykoKiller Protoss 

Build Orders:  

Get SALT Encoding   

  12  0:02  Probe  
  13  0:14  Probe  
  14  0:26  Pylon, Probe  
  15  0:36  Pylon  
  15  1:01  Forge  
  15  1:08  Gateway  
  15  1:40  Gateway  
  15  1:49  Assimilator  
  15  1:54  Assimilator  
  15  2:00  Cybernetics Core  
  15  2:06  Photon Cannon  
  15  2:09  Photon Cannon  
  15  2:16  Photon Cannon  
  15  2:21  Pylon  
  15  2:26  Probe  
  16  2:39  Probe (Chrono Boost)  
  17  2:49  Probe (Chrono Boost)  
  17  2:51  Gateway  
  18  2:54  Probe (Chrono Boost)  
  19  2:59  Zealot  
  19  3:05  Probe (Chrono Boost)  
  22  3:17  Probe (Chrono Boost)  
  23  3:25  Warp Gate, Probe (Chrono Boost)  
  24  3:31  Probe  
  25  3:43  Probe  
  26  3:51  Nexus  
  26  4:04  Pylon  
  26  4:14  Pylon  
  26  4:19  Pylon  
  26  4:22  Assimilator  
  26  4:26  Probe (Chrono Boost)  
  26  4:27  Assimilator  
  27  4:36  Stalker  
  27  4:37  Probe (Chrono Boost)  
  30  4:42  Stalker, Probe (Chrono Boost)  
  33  4:50  Stalker  
  35  5:01  Gateway  
  35  5:10  Gateway  
  26  5:50  Stalker x2  
  26  5:51  Stalker  
  23  6:22  Shield Battery  
  23  6:30  Shield Battery  
  23  6:32  Zealot x2  
  25  6:35  Photon Cannon  
  27  6:40  Photon Cannon  
  23  6:56  Zealot x2  
  25  7:07  Pylon  
  21  7:23  Pylon  
  21  7:25  Shield Battery  
  21  7:29  Photon Cannon  
  21  7:32  Photon Cannon  
  19  7:45  Zealot  
  19  7:46  Zealot  
  23  7:53  Photon Cannon  
  23  7:55  Photon Cannon  
  23  7:57  Photon Cannon  
  23  8:00  Shield Battery  
  19  8:37  Zealot x2  
  18  8:56  Photon Cannon  
  18  8:58  Photon Cannon  
  18  9:01  Photon Cannon  
  18  9:02  Pylon  
  7  9:17  Photon Cannon  
  7  9:30  Forge  
  7  9:39  Pylon  
  7  9:59  Stalker  
  8  10:13  Pylon  
  6  11:01  Nexus  
  6  11:09  Stalker  
  8  11:19  Photon Cannon  
  8  11:20  Photon Cannon  
  8  11:23  Photon Cannon  
Show
View Real Time Build Order
Export as new Build Order

GudStuff Protoss 

Build Orders: Nexus First 

Get SALT Encoding   

  12  0:01  Probe (Chrono Boost)  
  13  0:13  Probe (Chrono Boost)  
  14  0:19  Pylon  
  14  0:41  Probe  
  15  0:53  Probe  
  16  1:02  Nexus  
  16  1:08  Probe  
  17  1:27  Probe  
  18  1:34  Pylon  
  18  1:36  Pylon  
  18  1:39  Probe  
  19  1:50  Forge  
  19  1:51  Probe  
  20  1:56  Assimilator  
  20  2:02  Assimilator  
  20  2:08  Gateway  
  20  2:51  Photon Cannon  
  20  2:54  Photon Cannon  
  20  2:56  Photon Cannon  
  20  3:00  Pylon  
  20  3:03  Pylon  
  20  3:13  Cybernetics Core  
  20  3:27  Photon Cannon  
  20  3:30  Photon Cannon  
  20  3:32  Probe (Chrono Boost)  
  20  3:33  Photon Cannon  
  23  3:43  Probe x2 (Chrono Boost)  
  23  3:51  Probe (Chrono Boost)  
  24  3:56  Assimilator, Probe (Chrono Boost)  
  24  4:01  Assimilator  
  25  4:04  Shield Battery  
  25  4:07  Shield Battery, Probe  
  26  4:10  Probe  
  26  4:13  Shield Battery  
  27  4:46  Probe (Chrono Boost)  
  27  4:52  Probe (Chrono Boost)  
  29  4:56  Probe (Chrono Boost)  
  29  4:59  Probe (Chrono Boost)  
  31  5:02  Probe (Chrono Boost)  
  31  5:04  Probe (Chrono Boost)  
  33  5:12  Probe  
  34  5:16  Probe  
  34  5:19  Stargate  
  35  5:28  Probe  
  35  5:30  Pylon  
  35  5:40  Pylon, Probe  
  36  5:45  Pylon  
  36  5:49  Photon Cannon  
  28  6:02  Probe (Chrono Boost)  
  23  6:12  Photon Cannon, Probe (Chrono Boost)  
  23  6:16  Photon Cannon  
  23  6:17  Probe (Chrono Boost)  
  23  6:22  Photon Cannon  
  23  6:23  Photon Cannon  
  24  6:27  Photon Cannon x2  
  24  6:28  Probe  
  24  6:29  Photon Cannon  
  24  6:31  Photon Cannon  
  25  6:32  Photon Cannon  
  25  6:35  Photon Cannon, Stargate  
  25  6:37  Shield Battery  
  25  6:38  Shield Battery, Stargate  
  25  6:40  Probe (Chrono Boost)  
  25  6:42  Stargate  
  26  6:52  Probe (Chrono Boost)  
  27  7:01  Shield Battery, Probe (Chrono Boost)  
  28  7:05  Shield Battery  
  28  7:07  Probe  
  32  7:10  Shield Battery  
  32  7:15  Void Ray (Chrono Boost), Shield Battery  
  33  7:17  Shield Battery  
  33  7:19  Probe  
  34  7:24  Void Ray (Chrono Boost)  
  38  8:21  Pylon  
  38  8:22  Photon Cannon  
  38  8:23  Photon Cannon  
  38  8:26  Void Ray  
  38  8:27  Void Ray  
  42  9:09  Void Ray (Chrono Boost)  
  42  9:10  Void Ray (Chrono Boost)  
  46  9:56  Void Ray x2 (Chrono Boost)  
  46  9:59  Void Ray (Chrono Boost)  
Show
View Real Time Build Order
Export as new Build Order

PICKETS Terran 

Build Orders:  

Get SALT Encoding   

  12  0:19  Supply Depot  
  12  0:20  SCV  
  13  0:36  Supply Depot  
  13  0:37  SCV  
  14  0:49  SCV  
  15  0:56  Barracks  
  15  1:01  SCV  
  16  1:10  Barracks  
  16  1:14  SCV  
  17  1:18  Refinery  
  17  1:30  SCV  
  18  1:48  Marine  
  18  1:54  SCV  
  20  1:59  Marine  
  20  2:00  Barracks  
  21  2:06  Marine  
  22  2:21  Barracks Tech Lab  
  22  2:29  Barracks Tech Lab  
  22  2:38  SCV  
  22  2:41  Engineering Bay  
  23  2:50  Stimpack, SCV  
  24  2:52  Marauder, Marine  
  27  3:07  Barracks Reactor  
  27  3:10  Marine  
  28  3:13  Marine  
  28  3:14  Refinery  
  28  3:18  SCV  
  30  3:20  Missile Turret  
  30  3:30  SCV  
  31  3:36  Bunker  
  31  4:12  Supply Depot, Terran Infantry Weapons Level 1  
  31  4:18  Barracks Reactor  
  31  4:26  Command Center  
  31  4:33  Marine x3, SCV  
  35  4:50  Factory  
  35  4:51  Marine x3  
  38  4:53  SCV  
  39  5:07  Missile Turret  
  39  5:18  Supply Depot  
  39  5:22  SCV  
  39  5:25  Marine x2  
  39  5:26  Marine x2  
  39  5:28  Marine  
  39  5:35  Planetary Fortress  
  35  5:37  Factory Tech Lab  
  35  5:43  Marine  
  23  6:07  Marine x3  
  23  6:11  Siege Tank  
  27  6:15  Hi-Sec Auto Tracking  
  20  6:40  Marine  
  23  6:50  Marine  
  22  6:58  Marine  
  23  7:08  Marine  
  24  7:16  Marine  
  24  7:25  Marine  
  21  7:36  SCV  
  19  7:48  SCV  
  19  8:08  Marine x2  
  15  8:26  Siege Tank  
  17  8:47  SCV  
  6  8:49  Marine x2  
  6  8:54  SCV  
  9  9:06  SCV  
  9  9:07  Marine  
  10  9:18  SCV  
  11  9:24  Marine  
  11  9:25  Bunker  
  11  9:30  SCV  
  9  10:09  SCV  
  9  10:18  Marine  
  9  10:19  Marine  
  10  11:05  Marine x2  
  10  11:11  Bunker  
  11  11:15  SCV  
  8  11:47  SCV  
Show
View Real Time Build Order
Export as new Build Order

TATORREA Protoss - Winner!

Build Orders: Mass Adepts 

Get SALT Encoding   

  12  0:03  Probe  
  13  0:15  Probe  
  14  0:26  Pylon  
  14  0:27  Probe  
  15  0:44  Probe  
  16  0:51  Gateway  
  16  0:56  Probe  
  17  1:04  Assimilator, Pylon  
  17  1:08  Probe  
  18  1:20  Gateway, Probe  
  18  1:32  Assimilator  
  18  1:33  Probe  
  19  1:45  Probe  
  20  1:55  Cybernetics Core  
  20  1:57  Probe (Chrono Boost)  
  21  2:07  Pylon  
  22  2:08  Probe (Chrono Boost)  
  22  2:11  Gateway  
  22  2:23  Probe  
  22  2:24  Gateway  
  23  2:36  Twilight Council  
  23  2:40  Warp Gate  
  23  2:45  Adept  
  23  2:46  Adept  
  27  2:59  Adept  
  27  3:04  Resonating Glaives (Chrono Boost)  
  29  3:11  Adept  
  31  3:16  Adept  
  33  3:28  Pylon  
  33  3:31  Pylon  
  33  3:33  Adept  
  35  3:39  Adept  
  37  3:45  Adept  
  39  3:52  Adept  
  41  4:20  Nexus  
  41  4:32  Adept  
  41  4:33  Adept  
  45  4:44  Probe  
  46  4:53  Pylon  
  46  4:56  Probe  
  46  4:57  Pylon  
  47  5:08  Probe  
  48  5:20  Probe  
  41  6:03  Probe x2  
  43  6:15  Probe x2  
  45  6:27  Probe  
  40  6:37  Probe  
  40  6:39  Probe  
  40  6:40  Stalker  
  40  6:41  Stalker x3  
  44  6:49  Probe  
  43  6:55  Gateway  
  43  6:56  Gateway  
  43  6:58  Gateway  
  43  6:59  Probe  
  43  7:00  Gateway  
  44  7:01  Probe  
  44  7:05  Stalker  
  47  7:11  Probe  
  47  7:13  Probe, Nexus  
  49  7:16  Pylon  
  49  7:18  Pylon  
  49  7:23  Probe  
  49  7:26  Probe  
  49  7:28  Assimilator  
  49  7:29  Stalker  
  53  7:30  Stalker  
  53  7:31  Assimilator  
  53  7:32  Stalker  
  53  7:35  Probe  
  53  7:36  Stalker  
  60  7:38  Probe  
  61  7:55  Stalker x4  
  61  7:58  Probe x2  
  71  8:10  Probe x2  
  61  8:52  Stalker x5  
  61  8:53  Stalker x3  
  61  8:55  Probe x3  
  80  9:07  Probe x3  
  75  9:19  Probe x3  
  75  9:21  Stalker x2  
  75  9:22  Stalker x4  
  90  9:31  Probe x3  
  93  9:43  Probe x2  
  87  10:10  Probe  
  87  10:11  Probe x2  
  90  10:15  Stalker x3  
  90  10:16  Stalker x3  
  90  10:17  Stalker x2  
  104  10:22  Probe  
  104  10:23  Assimilator  
  104  10:27  Assimilator  
  104  10:28  Gateway  
  101  10:30  Gateway  
  101  10:31  Gateway  
  101  10:33  Gateway  
  91  10:35  Pylon  
  91  10:37  Pylon  
  85  10:53  Stalker x5  
  85  10:54  Stalker x2  
  87  11:32  Stalker x5  
  89  11:33  Stalker x4  
  89  11:34  Stalker x3  
Show
View Real Time Build Order
Export as new Build Order

MrFercho Zerg - Winner!

Build Orders: Hatch First 

Get SALT Encoding   

  12  0:01  Drone  
  13  0:13  Overlord  
  13  0:17  Drone  
  14  0:32  Drone x2  
  16  0:53  Drone  
  16  0:55  Hatchery  
  16  0:58  Drone  
  16  1:03  Drone  
  18  1:12  Extractor  
  17  1:19  Spawning Pool  
  17  1:23  Drone  
  17  1:24  Drone  
  18  1:29  Drone  
  19  1:44  Drone  
  20  1:51  Overlord  
  20  2:02  Drone  
  20  2:07  Queen x2  
  25  2:09  Drone  
  25  2:15  Zergling x2  
  27  2:19  Zergling x2  
  28  2:23  Overlord  
  28  2:28  Drone  
  29  2:33  Drone  
  29  2:37  Metabolic Boost  
  30  2:39  Drone  
  31  2:45  Drone  
  31  2:50  Drone  
  33  2:53  Lair  
  33  2:56  Queen  
  33  2:58  Drone  
  36  3:00  Overlord  
  36  3:05  Drone  
  37  3:11  Drone  
  38  3:20  Drone x4  
  38  3:21  Baneling Nest  
  38  3:25  Evolution Chamber  
  40  3:28  Drone x2  
  40  3:29  Drone  
  40  3:34  Overlord  
  43  3:42  Queen  
  45  3:52  Zergling x2  
  45  3:53  Zergling x10  
  51  3:59  Zerg Melee Weapons Level 1  
  51  4:05  Zergling x4  
  51  4:08  Overlord  
  51  4:09  Zergling x8  
  57  4:18  Overlord  
  57  4:20  Zergling x4  
  59  4:28  Zergling x2  
  59  4:29  Zergling x2  
  61  4:41  Centrifical Hooks  
  61  4:43  Zergling x10  
  66  4:59  Overlord  
  66  5:00  Zergling x6  
  69  5:09  Zergling x8  
  70  5:29  Zergling x2  
  70  5:30  Zergling x6  
  70  5:36  Zergling x10  
  70  5:40  Baneling  
  70  5:41  Baneling x5  
  75  5:44  Zergling x2  
  75  5:45  Zergling x4  
  71  6:17  Zergling x14  
  71  6:18  Zergling x6  
  72  6:39  Zergling x2  
  67  6:40  Zergling x16  
  72  6:54  Zerg Melee Weapons Level 2  
  72  6:59  Drone x2  
  72  7:00  Drone x4  
  73  7:03  Extractor  
  73  7:04  Extractor  
  62  7:23  Zergling x10  
  60  7:42  Zergling x2  
  60  7:43  Zergling x12  
  60  7:51  Zergling x2  
  60  7:52  Zergling x2  
  62  8:01  Zergling x8  
  66  8:13  Drone  
  66  8:14  Evolution Chamber, Drone x2  
  68  8:20  Baneling x13  
  68  8:22  Baneling x8  
  68  8:24  Baneling x2  
  68  8:26  Zergling x12  
  66  8:51  Zergling x12  
  60  9:32  Extractor  
  60  9:35  Infestation Pit  
  58  9:40  Hydralisk Den  
  57  9:52  Zerg Missile Weapons Level 1  
  57  9:53  Zerg Ground Armor Level 1  
  57  10:02  Overseer  
  57  10:05  Baneling x7  
  57  10:06  Baneling x4  
  57  10:13  Hatchery  
  45  11:07  Zergling x4  
  45  11:08  Zergling x54  
  45  11:09  Zergling x4  
  76  11:49  Drone x12  
  76  11:50  Drone  
Show
View Real Time Build Order
Export as new Build Order

tigro Terran - Winner!

Build Orders:  

Get SALT Encoding   

  12  0:14  SCV  
  13  0:23  Supply Depot  
  13  0:26  SCV  
  14  0:38  SCV  
  15  0:46  Supply Depot  
  15  0:51  SCV  
  15  0:56  Barracks  
  16  1:00  Refinery  
  16  1:03  SCV  
  17  1:15  SCV  
  18  1:27  SCV, Refinery  
  19  1:39  SCV  
  20  1:45  Marine  
  21  2:03  Marine  
  21  2:05  Factory  
  21  2:06  SCV  
  23  2:18  SCV  
  23  2:21  Marine  
  23  2:22  Engineering Bay  
  25  2:30  SCV  
  26  2:39  Marine  
  27  2:47  Orbital Command  
  27  2:51  Factory Tech Lab  
  27  2:57  Marine  
  28  3:13  Siege Tank  
  28  3:16  Barracks Tech Lab  
  31  3:22  Command Center  
  31  3:37  Missile Turret  
  31  3:54  Combat Shield  
  31  3:57  Terran Infantry Weapons Level 1  
  31  4:00  Missile Turret  
  31  4:12  Siege Tank  
  34  4:22  Marine  
  35  4:36  Missile Turret, Refinery  
  35  4:40  Marine  
  35  4:45  SCV  
  37  4:57  SCV  
  38  5:07  Missile Turret  
  38  5:09  SCV  
  38  5:13  Stimpack  
  39  5:21  SCV  
  40  5:33  SCV  
  41  5:36  Refinery  
  41  5:41  Siege Tank  
  44  5:45  SCV  
  44  5:47  Missile Turret  
  45  5:51  Terran Infantry Armor Level 1  
  45  5:57  SCV  
  46  6:09  SCV  
  46  6:11  Starport  
  47  6:16  Missile Turret  
  47  6:48  Missile Turret  
  47  6:49  Medivac  
  49  6:58  Marine  
  49  6:59  Armory  
  50  7:15  Marine  
  50  7:17  Missile Turret  
  44  7:33  Marine  
  45  7:45  Neosteel Armor  
  45  7:51  Marine  
  46  8:09  Marine  
  41  8:24  SCV  
  41  8:27  Marine  
  43  8:36  SCV  
  43  8:37  Thor  
  50  8:44  Marine  
  50  8:45  Medivac  
  50  8:48  SCV  
  54  8:52  Fusion Core  
  54  9:00  Barracks, SCV  
  54  9:02  Marine  
  56  9:12  SCV  
  57  9:20  Marine  
  58  9:26  Hi-Sec Auto Tracking  
  58  9:28  Thor  
  61  9:38  Marine  
  62  9:49  Starport Tech Lab  
  62  9:52  Barracks Reactor  
  62  9:58  Command Center  
  62  10:17  Supply Depot, Missile Turret  
  62  10:38  Missile Turret  
  62  10:39  Medivac, Thor  
  62  10:40  Supply Depot  
  70  10:59  Marine  
  70  11:01  Missile Turret  
  68  11:04  Supply Depot  
  66  11:17  Marine  
  67  11:21  Missile Turret  
  67  11:29  Supply Depot  
  67  11:35  Marine  
  68  11:44  Missile Turret  
Tags
 
Add a new tag
Caveats
  • Supply blocks, unpowered buildings, or Contaminate may cause inaccurate times.
  • Supply counts are checked every 10 seconds.